 Dungeon Crawl Stone Soup version 0.21-a0-552-g593960d (webtiles) character file.

26 M4edhros the Sneak (level 3, 0/23 HPs)
             Began as an Octopode Artificer on Dec 18, 2017.
             Slain by an orc
             ... wielding a +0 trident
              (7 damage)
             ... on level 3 of the Dungeon.
             The game lasted 00:00:51 (546 turns).

M4edhros the Sneak (Octopode Artificer)              Turns: 546, Time: 00:00:51

Health: 0/23       AC:  1    Str: 11    XL:     3   Next: 8%
Magic:  5/5        EV: 13    Int: 13    God:
Gold:   73         SH:  0    Dex: 13    Spells: 2/2 levels left

rFire    . . .     SeeInvis .   a - +0 short sword
rCold    . . .     Gourm    .   (no shield)
rNeg     . . .     Faith    .   (helmet restricted)
rPois    .         Spirit   .   (no amulet)
rElec    .         Reflect  .   (no ring)
rCorr    .         Harm     .   (no ring)
MR       .....                  (no ring)
Stlth    ++++......             (no ring)
HPRegen  0.07/turn              (no ring)
MPRegen  0.09/turn              (no ring)
                                (no ring)
                                (no ring)

@: lethally poisoned (0 -> -1)
A: almost no armour, stealthy swim, amphibious, 8 rings, constrict 8, camouflage
1, gelatinous body 1
a: no special abilities


You were on level 3 of the Dungeon.
You were not hungry.

You visited 1 branch of the dungeon, and saw 3 of its levels.

You collected 73 gold pieces.

Inventory:

Hand Weapons
 a - a +0 short sword (weapon)
Missiles
 e - 10 sling bullets
Wands
 b - a wand of flame (14)
 c - a wand of enslavement (28)
 d - a wand of random effects (14)
Potions
 g - a potion of haste {unknown}
Comestibles
 f - a bread ration


   Skills:
 - Level 1.0 Fighting
 - Level 1.0 Short Blades
 - Level 2.0 Dodging
 + Level 4.1 Stealth
 + Level 3.4 Evocations


You had 2 spell levels left.
You didn't know any spells.

Dungeon Overview and Level Annotations

Branches:
Dungeon (3/15)

Altars:


Innate Abilities, Weirdness & Mutations

You cannot wear most types of armour.
You are very stealthy in the water. (Stealth+)
You are amphibious.
You can wear up to eight rings at the same time.
You can use your tentacles to constrict eight enemies at once.
Your skin changes colour to match your surroundings (Stealth+).
Your rubbery body absorbs attacks. (AC +1, EV +1)


Message History

Okay, then.
Evoke which item? (* to show all) (? for menu, Esc to quit)
Aiming: Throw Flame
Press: ? - help, Shift-Dir - straight line, f/p - orc
Aim: an orc, wielding a club (heavily wounded, fast, poisoned)
The puff of flame hits the orc.
You kill the orc!
You feel sick. What are your orders? t - Shout!
Orders for allies: a - Attack new target. r - Retreat! s - Stop attacking. g - Guard the area. f - Follow me.
Anything else - Cancel.
Gang up on whom?
Press: ? - help, Dir - move target cursor, f - orc
Aim: an orc, wielding a trident and wearing a leather armour (severely wounded) Attack!
The orc hits you from afar with a trident!
You die...

####### ###.....#
#...@...# #....S)..#
#...≈≈≈≈oo########## ##
#..⌠≈≈≈≈.K#........##.#
#...≈≈≈≈.o#.....$..#...
##........†........#.#
#.......##..........##
#.####.......o........
##.##.....(..##..


You could see 3 orcs, a kobold and a friendly adder.

Vanquished Creatures
  A gnoll (D:1)
  A dart slug (D:2)
  An orc (D:3)
  A goblin (D:1)
  2 hobgoblins
  A quokka (D:3)
  A frilled lizard (D:2)
  3 rats
11 creatures vanquished.

Vanquished Creatures (collateral kills)
  An ooze (D:3)
  A rat (D:3)
2 creatures vanquished.

Grand Total: 13 creatures vanquished

Notes
Turn   | Place    | Note
-------+----------+-------------------------------------------
     0 | D:1      | M4edhros the Octopode Artificer began the quest for the Orb.
     0 | D:1      | Reached XP level 1. HP: 13/13 MP: 3/3
    98 | D:1      | Reached skill level 2 in Stealth
   105 | D:1      | Reached skill level 3 in Stealth
   105 | D:1      | Reached XP level 2. HP: 11/18 MP: 4/4
   537 | D:3      | Reached skill level 4 in Stealth
   537 | D:3      | Reached XP level 3. HP: 11/23 MP: 5/5
   546 | D:3      | Slain by an orc

Vault maps used:
D:1:      minmay_arrival_open_corners, hangedman_decor_growths, minmay_domino_2
D:2:      first_bread
D:3:      lemuel_coloured_pillars_altar, minmay_overflow_temple_hex,
          serial_park_tiny_pond, minmay_item_behind_shaft

Skill      XL: |  1  2 |
---------------+-------+-----
Stealth        | 3 4 |  4.1
Fighting       | |  1.0
Short Blades   | |  1.0
Dodging        | |  2.0
Evocations     | |  3.4

Action                   || total
-------------------------++-------
Melee: Short sword       ||    20
       Constrict         ||     4
       Tentacles         ||     4
Evoke: Wand              ||     3
 Stab: Sleeping          ||     4
Dodge: Dodged            ||    11

Table legend:
 A = Spawn XP
 B = Non-spawn XP
 C = Spawn XP percentage of total XP
 D = Spawn monster count
 E = Non-spawn monster count
 F = Spawn count percentage of total count
 G = Total turns spent on level
                    A         B        C        D         E        F      G
               +---------+---------+-------+---------+---------+-------+---------
         Total |       0 |      38 |   0.0 |       0 |      13 |   0.0 |   546
               +---------+---------+-------+---------+---------+-------+---------
           D:1 |       0 |      20 |   0.0 |       0 |       5 |   0.0 |   262
           D:2 |       0 |       8 |   0.0 |       0 |       4 |   0.0 |   257
           D:3 |       0 |      10 |   0.0 |       0 |       4 |   0.0 |    27
               +---------+---------+-------+---------+---------+-------+---------
